[Event "Titled Tuesday Blitz November 29 Late 2022"]
[White "Adel, Sara"]
[Black "Girsh, Daniel"]
[WhiteFideId "10616764"]
[BlackFideId "30949190"]
[WhiteElo "1994"]
[BlackElo "2075"]
[Result "0-1"]
[Round "05"]
[TimeControl "180+1"]
[Date "2022.11.30"]
[WhiteClock "0:00:13"]
[BlackClock "0:00:34"]

1. e4 c5 2. Nc3 Nc6 3. f4 g6 4. Nf3 Bg7 5. Bc4 e6 6. O-O Nge7 7. Qe1 O-O 8. d3 d5 9. Bb3 Nd4 10. Nxd4 cxd4 11. Ne2 dxe4 12. dxe4 Nc6 13. Kh1 d3 14. cxd3 Qxd3 15. Ng1 Nd4 16. Nf3 Nxb3 17. axb3 Qxb3 18. Qh4 Bd7 19. f5 exf5 20. Bh6 f6 21. Bxg7 Kxg7 22. exf5 Qb6 23. Rfe1 Rae8 24. Rad1 Bxf5 25. Rxe8 Rxe8 26. Nd4 Bc8 27. Rc1 Bd7 28. Nf3 Rc8 29. Rxc8 Bxc8 30. Qc4 Be6 31. Qe2 Qd6 32. Qb5 Qc6 33. Qb4 Bf7 34. Qe7 Qc1+ 35. Ng1 Qxb2 36. h4 Qe5 37. Qxb7 a5 38. Nf3 Qd5 39. Qa7 h5 40. Kh2 Kh6 41. Qe3+ Kg7 42. Qa7 Qb5 43. Qe7 a4 44. Nd2 Qe5+ 45. Qxe5 fxe5 46. Nb1 Kf6 47. Na3 Kf5 48. Kg3 Ke4 49. Kf2 Kd3 50. Kf3 Kc3 51. Ke4 Kb4 52. Nb1 a3 53. Nxa3 Kxa3 54. Kxe5 Bc4 55. Kf4 Bd3 56. g4 Be2 57. gxh5 Bxh5 58. Kg3 Kb4 59. Kh2 Kc5 60. Kg3 Kd6 61. Kf4 Ke6 62. Kg5 Ke5 63. Kh6 Kf4 64. Kh7 Kg4 65. Kh6 Kxh4 66. Kh7 g5 67. Kh6 g4 0-1


[Site "https://www.chess.com"]

[Event "Titled Tuesday Blitz November 29 Late 2022"]
[White "Adury, Anant"]
[Black "Young, Ryan"]
[WhiteFideId "30964687"]
[BlackFideId "2049945"]
[WhiteElo "2164"]
[BlackElo "2295"]
[Result "1-0"]
[Round "05"]
[TimeControl "180+1"]
[Date "2022.11.30"]
[WhiteClock "0:02:09"]
[BlackClock "0:00:10"]

1. Nf3 c5 2. g3 e6 3. Bg2 d5 4. O-O Nc6 5. d3 Nf6 6. Nbd2 Bd6 7. e4 O-O 8. Re1 dxe4 9. Nxe4 Nxe4 10. dxe4 Qc7 11. c3 b6 12. e5 Be7 13. Qc2 Bb7 14. h4 h6 15. Bf4 Rfd8 16. Rad1 Rxd1 17. Rxd1 Rd8 18. Rxd8+ Qxd8 19. Qd2 Qxd2 20. Nxd2 Nd8 21. Bxb7 Nxb7 22. h5 Kf8 23. c4 Ke8 24. Ne4 Kd7 25. Be3 Na5 26. b3 Nc6 27. f4 Nb4 28. a4 Kc6 29. Kf2 a6 30. Ke2 b5 31. axb5+ axb5 32. Bd2 Nc2 33. Bc3 Nb4 34. Bxb4 cxb4 35. Kd3 Bf8 36. g4 Be7 37. Kd4 Bh4 38. cxb5+ Kd7 39. Nd6 f6 40. Nc4 Bf2+ 41. Ke4 Bg1 42. f5 Bh2 43. b6 exf5+ 44. gxf5 fxe5 45. Nxe5+ Kc8 46. Nc4 Kb7 47. Kd5 Bg3 48. Ke6 Bh4 49. Kf7 Bf6 50. Ke6 Kc6 51. Ne5+ Kxb6 52. Nd7+ Kc6 53. Nxf6 gxf6 54. Kxf6 Kd5 55. Kg6 Kd4 56. f6 Kc3 57. f7 Kxb3 58. f8=Q Ka2 59. Qxh6 b3 60. Qc1 b2 61. Qxb2+ Kxb2 62. h6 Kc3 63. h7 Kc4 64. h8=Q 1-0


[Site "https://www.chess.com"]

[Event "Titled Tuesday Blitz November 29 Late 2022"]
[White "Aggelis, Nikolaos"]
[Black "Yoo, Christopher Woojin"]
[WhiteFideId "4213220"]
[BlackFideId "30909694"]
[WhiteElo "2189"]
[BlackElo "2463"]
[Result "0-1"]
[Round "05"]
[TimeControl "180+1"]
[Date "2022.11.30"]
[WhiteClock "0:01:12"]
[BlackClock "0:01:34"]

1. d4 Nf6 2. Nf3 b6 3. g3 Bb7 4. Bg2 e6 5. O-O Be7 6. b3 O-O 7. Bb2 d5 8. Nbd2 Nbd7 9. Rc1 c5 10. c4 Rc8 11. Ne5 cxd4 12. Bxd4 Nxe5 13. Bxe5 Nd7 14. Bb2 Nc5 15. Re1 Bg5 16. f4 Bf6 17. Bxf6 Qxf6 18. Nf1 Rfd8 19. Qc2 dxc4 20. Qxc4 Nd3 21. Qxc8 Rxc8 22. exd3 Rxc1 23. Rxc1 Qd4+ 24. Kh1 Bxg2+ 25. Kxg2 Qb2+ 0-1


[Site "https://www.chess.com"]

[Event "Titled Tuesday Blitz November 29 Late 2022"]
[White "Aguilar, Juan"]
[Black "Gatterer, Florian"]
[WhiteFideId "3800091"]
[BlackFideId "811688"]
[WhiteElo "2526"]
[BlackElo "2218"]
[Result "1/2-1/2"]
[Round "05"]
[TimeControl "180+1"]
[Date "2022.11.30"]
[WhiteClock "0:00:26"]
[BlackClock "0:00:15"]

1. d4 c6 2. c4 d5 3. Nf3 Nf6 4. Qc2 g6 5. Bf4 Bg7 6. e3 O-O 7. Nc3 Bf5 8. Bd3 Bxd3 9. Qxd3 dxc4 10. Qxc4 Nbd7 11. Rd1 Nb6 12. Qe2 Nfd5 13. Be5 Bxe5 14. Nxe5 Nd7 15. O-O Nxc3 16. bxc3 Nxe5 17. dxe5 Qa5 18. e6 Qxc3 19. exf7+ Rxf7 20. Rd7 Qb4 21. Rfd1 Raf8 22. f3 a5 23. Qd3 e5 24. Rxf7 Rxf7 25. Rb1 Qc5 26. Kh1 Kg7 27. h4 Qd5 28. Qc3 Kg8 29. h5 Rd7 30. Rf1 Qd3 31. Qc1 gxh5 32. f4 exf4 33. exf4 Qd2 34. Qc4+ Qd5 35. Qc3 Rg7 36. Rf2 Rg4 37. Rd2 Qb5 38. Rd8+ Kf7 1/2-1/2


[Site "https://www.chess.com"]

[Event "Titled Tuesday Blitz November 29 Late 2022"]
[White "Al-Tarboush, Ward"]
[Black "Dylag, Emilia"]
[WhiteFideId "7601450"]
[BlackFideId "21805172"]
[WhiteElo "2273"]
[BlackElo "1878"]
[Result "1-0"]
[Round "05"]
[TimeControl "180+1"]
[Date "2022.11.30"]
[WhiteClock "0:00:12"]
[BlackClock "0:00:01"]

1. e4 e5 2. Nf3 Nc6 3. Bb5 a6 4. Ba4 d6 5. O-O Bd7 6. c3 g6 7. d4 Bg7 8. Be3 Nf6 9. Nbd2 O-O 10. Re1 b5 11. Bc2 exd4 12. cxd4 Nb4 13. e5 dxe5 14. dxe5 Ng4 15. Be4 Nxe3 16. Rxe3 Bc6 17. a3 Bxe4 18. Nxe4 Nc6 19. Nc5 Qe7 20. Qc2 Rfd8 21. Rae1 Rd5 22. Nd3 Na5 23. e6 Nc4 24. exf7+ Qxf7 25. Re7 Qf6 26. Qe2 Rf8 27. Rxc7 Rf5 28. b3 Nd6 29. Nc5 Rd5 30. Nd7 Qf7 31. Nxf8 Qxc7 32. Ne6 Qe7 33. h4 1-0


[Site "https://www.chess.com"]

[Event "Titled Tuesday Blitz November 29 Late 2022"]
[White "Ankerst, Mihael"]
[Black "Banzea, Alexandru-Bogdan"]
[WhiteFideId "14602369"]
[BlackFideId "1232622"]
[WhiteElo "2328"]
[BlackElo "2294"]
[Result "0-1"]
[Round "05"]
[TimeControl "180+1"]
[Date "2022.11.30"]
[WhiteClock "0:00:23"]
[BlackClock "0:00:08"]

1. e4 c6 2. d4 d5 3. e5 Bf5 4. Nf3 e6 5. Be2 c5 6. c4 dxc4 7. Nc3 Ne7 8. Bxc4 cxd4 9. Nxd4 Nbc6 10. Nxf5 Qxd1+ 11. Nxd1 Nxf5 12. f4 Bb4+ 13. Nc3 O-O 14. Bd3 Rfd8 15. Bxf5 exf5 16. Be3 Bxc3+ 17. bxc3 Rd3 18. Ke2 Rxc3 19. Rab1 Nd8 20. Rb2 b6 21. Rd1 Ne6 22. Rd7 h6 23. Rbd2 g5 24. g3 Ra3 25. Rb7 Rc8 26. Kf2 Rcc3 27. Re2 Rd3 28. Re7 Kf8 29. Rb7 Kg7 30. Re7 Kg6 31. Rb7 Ra4 32. Kf3 Nd4+ 33. Kf2 Nxe2 34. Kxe2 Rc3 35. Bd2 Rxa2 36. Ke1 Rb3 37. Bc1 Rb1 38. Kd1 Rxh2 39. Rxa7 Rh1+ 40. Kc2 Rhxc1+ 41. Kd3 Rb3+ 42. Kd2 Rf1 43. Ra6 Rxg3 44. Rxb6+ Kh5 45. Ke2 Rxf4 46. e6 Re4+ 47. Kf2 Rxe6 48. Kxg3 Rxb6 49. Kf2 Rb3 50. Kf1 Kg4 51. Ke2 h5 52. Kd2 h4 53. Kc2 Rf3 54. Kd2 h3 55. Ke2 h2 56. Kd2 h1=Q 57. Kc2 Kf4 58. Kb2 g4 59. Ka2 g3 60. Kb2 g2 61. Kc2 g1=Q 62. Kd2 Re3 63. Kc2 Ke4 64. Kb2 f4 65. Ka2 f3 66. Kb2 f2 67. Ka2 f1=Q 68. Kb2 f5 69. Kc2 f4 70. Kb2 f3 71. Kc2 f2 72. Kd2 Rd3+ 73. Kc2 Qe1 74. Kb2 f1=Q 75. Kc2 Rd8 76. Kb2 Qd1 77. Kc3 Qfe1+ 78. Kc4 Qgf1+ 79. Kc5 Qhg1+ 80. Kc6 Qc2+ 81. Kb7 Qeb1# 0-1


[Site "https://www.chess.com"]

[Event "Titled Tuesday Blitz November 29 Late 2022"]
[White "Ansh M Shah"]
[Black "Arkell, Keith C"]
[WhiteFideId "25033379"]
[BlackFideId "400270"]
[WhiteElo "2084"]
[BlackElo "2342"]
[Result "0-1"]
[Round "05"]
[TimeControl "180+1"]
[Date "2022.11.30"]
[WhiteClock "0:00:04"]
[BlackClock "0:01:39"]

1. d4 e6 2. c4 Bb4+ 3. Nd2 c5 4. a3 Bxd2+ 5. Qxd2 cxd4 6. Nf3 d5 7. Nxd4 Nc6 8. Nxc6 bxc6 9. b4 Nf6 10. Bb2 O-O 11. Qc2 a5 12. e3 axb4 13. axb4 Rxa1+ 14. Bxa1 Ba6 15. b5 cxb5 16. cxb5 Bxb5 17. g3 Bxf1 18. Kxf1 Qa8 19. Bxf6 gxf6 20. Kg2 Rc8 21. Qe2 d4+ 22. Qf3 dxe3 23. Qxa8 Rxa8 24. fxe3 Ra2+ 25. Kf3 h5 26. h3 Kg7 27. g4 h4 28. Kf4 Kg6 29. Ke4 Kg5 30. Kf3 f5 31. gxf5 Kxf5 32. Rb1 Rh2 33. Rb5+ e5 34. e4+ Kf6 35. Kg4 Rf2 36. Rb6+ Kg7 37. Rb5 f6 38. Rb4 Kg6 39. Kxh4 Rf4+ 40. Kg3 Kg5 41. Rc4 Rf1 42. h4+ Kh5 43. Rc6 Rf4 44. Re6 Rg4+ 45. Kh3 Rxh4+ 46. Kg3 Rf4 47. Re7 Kg6 48. Rc7 Rxe4 49. Kf3 Kf5 50. Kg3 Rg4+ 51. Kf3 e4+ 52. Ke3 Rg3+ 53. Kf2 Rf3+ 54. Ke2 Kf4 55. Rh7 f5 56. Rh4+ Ke5 57. Rh8 Ra3 58. Re8+ Kf4 59. Rh8 Ra2+ 60. Ke1 Ke5 61. Rh3 f4 62. Rb3 f3 63. Kf1 Kf4 64. Rc3 Ra1+ 65. Kf2 e3+ 66. Rxe3 Ra2+ 67. Kg1 Kxe3 68. Kh1 f2 69. Kg2 Ra8 70. Kf1 Rb8 71. Kg2 Rg8+ 72. Kh2 Rg1 73. Kh3 f1=Q+ 74. Kh4 Qf4+ 75. Kh3 Qg3# 0-1


[Site "https://www.chess.com"]

[Event "Titled Tuesday Blitz November 29 Late 2022"]
[White "Araujo Sanchez, Josue"]
[Black "Radovanovic, Dusan"]
[WhiteFideId "6416896"]
[BlackFideId "926868"]
[WhiteElo "2370"]
[BlackElo "2341"]
[Result "1/2-1/2"]
[Round "05"]
[TimeControl "180+1"]
[Date "2022.11.30"]
[WhiteClock "0:00:14"]
[BlackClock "0:00:10"]

1. d4 Nf6 2. c4 g6 3. Nc3 Bg7 4. e4 d6 5. Be2 O-O 6. Be3 e5 7. d5 c6 8. g4 a5 9. h4 cxd5 10. cxd5 Na6 11. g5 Nd7 12. h5 Ndc5 13. Nh3 a4 14. f3 Qa5 15. Rc1 Bd7 16. Kf2 b5 17. Kg2 b4 18. Nb1 Rfc8 19. Nd2 Bb5 20. Nc4 Bxc4 21. Bxc4 Qd8 22. Nf2 Rab8 23. Ng4 b3 24. a3 Nc7 25. Qd2 Nb5 26. Bxb5 Rxb5 27. Nf6+ Bxf6 28. gxf6 Qxf6 29. Bg5 Qg7 30. Bh6 Qf6 31. Bg5 Qg7 32. Be7 Rb6 33. h6 Qh8 34. Qg5 Rbb8 35. Bf6 Nd3 36. Bxh8 Nf4+ 37. Kf2 Rxc1 38. Qf6 Rc2+ 39. Ke1 Ng2+ 40. Kd1 Ne3+ 41. Ke1 Ng2+ 42. Kd1 Ne3+ 43. Ke1 Ng2+ 1/2-1/2


[Site "https://www.chess.com"]

[Event "Titled Tuesday Blitz November 29 Late 2022"]
[White "Arngrimsson, Dagur"]
[Black "Schuster, Karsten"]
[WhiteFideId "2301288"]
[BlackFideId "4611071"]
[WhiteElo "2286"]
[BlackElo "2294"]
[Result "1-0"]
[Round "05"]
[TimeControl "180+1"]
[Date "2022.11.30"]
[WhiteClock "0:02:15"]
[BlackClock "0:02:02"]

1. e4 c6 2. d4 d5 3. Nc3 dxe4 4. Nxe4 Bf5 5. Ng3 Bg6 6. h4 h6 7. N1e2 e5 8. dxe5 Qa5+ 9. c3 Qxe5 10. Bf4 Qa5 11. Nd4 Nf6 12. Bd3 Bxd3 13. Qxd3 Nbd7 14. Qe2+ Kd8 15. O-O Nd5 16. Rfe1 N7f6 17. Qe5 Nxf4 18. Qxa5+ 1-0


[Site "https://www.chess.com"]

[Event "Titled Tuesday Blitz November 29 Late 2022"]
[White "Bashirli, Nail"]
[Black "Richter, Paul"]
[WhiteFideId "13406809"]
[BlackFideId "2046350"]
[WhiteElo "2318"]
[BlackElo "2567"]
[Result "0-1"]
[Round "05"]
[TimeControl "180+1"]
[Date "2022.11.30"]
[WhiteClock "0:01:38"]
[BlackClock "0:00:08"]

1. e4 c5 2. Nc3 a6 3. g3 b5 4. Bg2 Bb7 5. d3 Nf6 6. f4 e6 7. Nh3 b4 8. Ne2 Nc6 9. O-O d5 10. f5 e5 11. exd5 Nxd5 12. c4 Nf6 13. Ng5 Qc7 14. Ne4 Be7 15. Be3 Nxe4 16. Bxe4 h6 17. g4 O-O-O 18. a3 Kb8 19. Qa4 Nd4 20. Bxd4 exd4 21. Qxb4 cxb4 22. Ng3 Bd6 23. Bxb7 Kxb7 24. Ne4 bxa3 25. Kg2 axb2 26. Rfb1 Qb6 27. Ra2 Ka7 28. Raxb2 Qc6 29. Ra2 Rb8 30. Rba1 Rb6 31. c5 Bxc5 32. Rc2 Rb5 33. Kh3 Rc8 34. Rac1 Qb6 35. Kg3 Rc6 36. Kf3 Rc7 37. Rc4 a5 38. Ra1 Rb3 39. Ke2 Rb2+ 40. Kf3 Rb4 41. Rc2 Kb7 42. Rac1 Rb5 43. Rc4 Rb3 44. Ke2 f6 45. Kf3 Rxd3+ 46. Kg2 Rc3 47. Nxc3 dxc3 48. R1xc3 Bd6 49. Rxc7+ Bxc7 50. Rd3 a4 51. Kf3 Qb2 52. Ke4 a3 53. Kd5 a2 54. Ke6 a1=Q 55. Rd5 Qb3 56. Kf7 Qxd5+ 57. Kg6 Qg2 58. h4 Qxg4+ 59. Kf7 Qa2+ 60. Kf8 Bd6+ 61. Ke8 Qh5+ 62. Kd7 Qa4+ 63. Kd8 Qhe8# 0-1


[Site "https://www.chess.com"]

[Event "Titled Tuesday Blitz November 29 Late 2022"]
[White "Bazeev, German"]
[Black "Aghasiyev, Kamal"]
[WhiteFideId "24119350"]
[BlackFideId "13402854"]
[WhiteElo "2493"]
[BlackElo "2341"]
[Result "1-0"]
[Round "05"]
[TimeControl "180+1"]
[Date "2022.11.30"]
[WhiteClock "0:00:10"]
[BlackClock "0:00:01"]

1. d4 d5 2. Nf3 Nf6 3. c4 e6 4. g3 dxc4 5. Bg2 Be7 6. O-O O-O 7. Qc2 a6 8. Qxc4 b5 9. Qc2 Bb7 10. Bd2 Ra7 11. Rc1 Be4 12. Qd1 Nd5 13. Ba5 Nd7 14. Nbd2 Bg6 15. a3 Qb8 16. b4 Re8 17. e3 Bf6 18. Nb3 N5b6 19. Rc6 Be4 20. Nfd2 Bxc6 21. Bxc6 Rd8 22. Ne4 Be7 23. f4 Nc4 24. Qe2 Nxa5 25. Nxa5 Qb6 26. Rc1 Nb8 27. Nf2 Rf8 28. Qf3 Bd6 29. Nd3 Nxc6 30. Qxc6 Raa8 31. Kf2 Rad8 32. Qb7 Rb8 33. Qc6 Rbd8 34. Kf3 f6 35. Qb7 e5 36. Rc6 Qxb7 37. Nxb7 Rd7 38. d5 Rb8 39. Na5 Bf8 40. e4 exf4 41. gxf4 f5 42. Ne5 fxe4+ 43. Kxe4 Rd6 44. Nb3 Re8 45. Nd4 Be7 46. Nf5 Rxc6 47. dxc6 Bf6 48. Kd5 g6 49. Nd4 Bxe5 50. fxe5 Kf7 51. Nb3 Rd8+ 52. Ke4 Rd1 53. Nc5 Ra1 54. Nxa6 Rxa3 55. Nxc7 Rc3 56. Nxb5 Rxc6 57. Nd6+ Ke6 58. b5 Rc5 59. Kd4 Rd5+ 60. Kc4 Rxe5 61. Nb7 Re4+ 62. Kc5 Rh4 63. Kc6 Rxh2 64. Nc5+ Ke7 65. b6 Rb2 66. b7 g5 67. Na4 Rb4 68. Nb6 Rd4 69. b8=Q Kf6 70. Qh8+ 1-0


[Site "https://www.chess.com"]

[Event "Titled Tuesday Blitz November 29 Late 2022"]
[White "Bazzano, Sebastian"]
[Black "Melian, Juan Sebastian"]
[WhiteFideId "104566"]
[BlackFideId "3706575"]
[WhiteElo "2181"]
[BlackElo "2044"]
[Result "0-1"]
[Round "05"]
[TimeControl "180+1"]
[Date "2022.11.30"]
[WhiteClock "0:00:08"]
[BlackClock "0:00:26"]

1. d4 Nf6 2. Bf4 e6 3. e3 d5 4. Nd2 Bd6 5. Bg3 O-O 6. Ngf3 c5 7. c3 Qc7 8. Bd3 Nbd7 9. O-O Bxg3 10. hxg3 e5 11. dxe5 Nxe5 12. Nxe5 Qxe5 13. Nf3 Qe7 14. c4 Rd8 15. cxd5 Nxd5 16. Qe2 Bg4 17. Rfd1 Rd6 18. Bc4 Rad8 19. Bxd5 Rxd5 20. Rxd5 Rxd5 21. Rd1 Qd8 22. Rxd5 Qxd5 23. a3 a6 24. e4 Bxf3 25. gxf3 Qd4 26. Kg2 g6 27. Qe3 Qxe3 28. fxe3 h5 29. f4 f6 30. g4 b5 31. gxh5 gxh5 32. e5 fxe5 33. fxe5 Kf7 34. Kg3 a5 35. Kf4 c4 0-1


[Site "https://www.chess.com"]

[Event "Titled Tuesday Blitz November 29 Late 2022"]
[White "Bernat, David"]
[Black "Pinheiro, Iung Alicio de O."]
[WhiteFideId "2099225"]
[BlackFideId "2104350"]
[WhiteElo "2349"]
[BlackElo "2283"]
[Result "1-0"]
[Round "05"]
[TimeControl "180+1"]
[Date "2022.11.30"]
[WhiteClock "0:00:11"]
[BlackClock "0:00:10"]

1. c4 c5 2. Nc3 Nc6 3. g3 g6 4. Bg2 Bg7 5. e4 d6 6. Nge2 h5 7. h3 Nf6 8. O-O Bd7 9. d3 Qc8 10. Kh2 h4 11. g4 Bxg4 12. hxg4 Nxg4+ 13. Kg1 h3 14. Bf3 h2+ 15. Kh1 Nce5 16. Ng3 Nxf3 17. Qxf3 Ne5 18. Qg2 Nxd3 19. Be3 Ne5 20. Rad1 Nxc4 21. Nd5 Nxb2 22. Rb1 e6 23. Nf4 Nc4 24. Rfd1 Qc6 25. Qf1 Nxe3 26. fxe3 a6 27. Qd3 O-O-O 28. a4 Be5 29. a5 d5 30. Rb6 Qc7 31. exd5 Bxf4 32. d6 Bxd6 33. Rxd6 Qxa5 34. Ne4 Qc7 35. Rc1 b6 36. Qxa6+ Qb7 37. Rc6+ Kb8 38. Rxb6 Rd7 39. Rxb7+ Rxb7 40. Qd6+ Kc8 41. Rxc5+ 1-0


[Site "https://www.chess.com"]

[Event "Titled Tuesday Blitz November 29 Late 2022"]
[White "Besedes, Danilo"]
[Black "Sabar, Ethmane Daouda"]
[WhiteFideId "946796"]
[BlackFideId "19600097"]
[WhiteElo "2352"]
[BlackElo "1950"]
[Result "0-1"]
[Round "05"]
[TimeControl "180+1"]
[Date "2022.11.30"]
[WhiteClock "0:00:05"]
[BlackClock "0:00:18"]

1. e4 c5 2. Nf3 Nc6 3. d4 cxd4 4. Nxd4 e5 5. Nb5 a6 6. N5c3 Nf6 7. Bd3 h6 8. Na3 b5 9. Nd5 Bb7 10. c4 b4 11. Nc2 a5 12. O-O Be7 13. Be3 O-O 14. f4 d6 15. f5 Nh7 16. Bb6 Qd7 17. Nxe7+ Qxe7 18. Ne3 Nd4 19. f6 Nxf6 20. Nd5 Bxd5 21. exd5 Nd7 22. Bxd4 exd4 23. Qf3 Qe3+ 24. Qxe3 dxe3 25. Rfe1 Rae8 26. Bf5 Nc5 27. Rad1 Re5 28. Bc2 f5 29. g3 g5 30. Rd4 Kg7 31. Kg2 a4 32. Kf3 b3 33. axb3 axb3 34. Bb1 f4 35. gxf4 gxf4 36. Rxf4 Ree8 37. Rxe3 Rxe3+ 38. Kxe3 Rxf4 39. Kxf4 Kf6 40. Ke3 Ke5 41. Kd2 Kd4 42. Bf5 Kxc4 43. Be6 Nd3 44. Bc8 Nxb2 45. Ba6+ Kb4 46. h4 Nc4+ 47. Kd3 Nb6 48. Bb7 b2 49. Kc2 Ka3 0-1


[Site "https://www.chess.com"]

[Event "Titled Tuesday Blitz November 29 Late 2022"]
[White "Bilan, Danila"]
[Black "Preotu, Razvan"]
[WhiteFideId "24161918"]
[BlackFideId "2613280"]
[WhiteElo "2173"]
[BlackElo "2407"]
[Result "1/2-1/2"]
[Round "05"]
[TimeControl "180+1"]
[Date "2022.11.30"]
[WhiteClock "0:00:05"]
[BlackClock "0:00:09"]

1. d4 Nf6 2. Nf3 g6 3. Bg5 Bg7 4. c3 O-O 5. Nbd2 d6 6. e4 c5 7. dxc5 dxc5 8. Qc2 Nc6 9. Be2 h6 10. Bh4 Nh5 11. O-O Nf4 12. Bc4 Na5 13. Bg3 Nxc4 14. Nxc4 Qd3 15. Qxd3 Nxd3 16. Rfd1 b5 17. Rxd3 bxc4 18. Rd5 Bb7 19. Rxc5 Rfc8 20. Rxc8+ Rxc8 21. Rd1 Bxe4 22. Rd7 Bf6 23. Rxa7 Rd8 24. h3 Rd1+ 25. Kh2 Rb1 26. Nd2 Re1 27. Nxe4 Rxe4 28. Rb7 g5 29. a4 h5 30. Bc7 Re1 31. a5 Ra1 32. g4 h4 33. Rb4 Ra2 34. Kg2 Kf8 35. Rxc4 Rxb2 36. Ra4 Rb7 37. Bb6 Bxc3 38. a6 Rb8 39. a7 Ra8 40. Be3 f6 41. Ra3 Be5 42. Rb3 Kf7 43. Kf3 Ke6 44. Ke4 Kd7 45. Rb7+ Ke6 46. f4 gxf4 47. Bxf4 Bxf4 48. Kxf4 Kd6 49. Kf5 e5 50. Kxf6 e4 51. Re7 Rf8+ 52. Rf7 Ra8 53. Re7 Rf8+ 54. Rf7 Ra8 55. Re7 1/2-1/2


[Site "https://www.chess.com"]

[Event "Titled Tuesday Blitz November 29 Late 2022"]
[White "Bjelobrk, Igor"]
[Black "Khandelwal, Ankush"]
[WhiteFideId "4300726"]
[BlackFideId "413470"]
[WhiteElo "2335"]
[BlackElo "2271"]
[Result "1-0"]
[Round "05"]
[TimeControl "180+1"]
[Date "2022.11.30"]
[WhiteClock "0:01:17"]
[BlackClock "0:00:18"]

1. Nf3 Nf6 2. c4 g6 3. Nc3 Bg7 4. e4 d6 5. d4 O-O 6. h3 Na6 7. Be3 e5 8. d5 Nc5 9. Nd2 a5 10. g4 c6 11. Be2 cxd5 12. cxd5 b6 13. h4 Ba6 14. Bxa6 Rxa6 15. Qe2 Ra8 16. h5 Rc8 17. hxg6 fxg6 18. f3 Qd7 19. a4 Qb7 20. O-O Na6 21. Nc4 Ne8 22. Nxb6 Rb8 23. Nc4 h5 24. g5 Rf7 25. Rf2 Bf8 26. Nxa5 Qc8 27. Nc6 Rbb7 28. Nb5 Nc5 29. b4 Nb3 30. Rd1 Nc7 31. Nxc7 Rfxc7 32. b5 Qa8 33. Qc4 Nc5 34. Bxc5 dxc5 35. d6+ Rf7 36. d7 1-0


[Site "https://www.chess.com"]

[Event "Titled Tuesday Blitz November 29 Late 2022"]
[White "Bogaudinov, Rushan"]
[Black "Poliakova, Varvara"]
[WhiteFideId "4129288"]
[BlackFideId "13518313"]
[WhiteElo "1997"]
[BlackElo "2099"]
[Result "0-1"]
[Round "05"]
[TimeControl "180+1"]
[Date "2022.11.30"]
[WhiteClock "0:00:10"]
[BlackClock "0:00:36"]

1. a3 e5 2. e3 d5 3. Nf3 Nc6 4. b4 a6 5. Bb2 Bd6 6. d4 e4 7. Nfd2 Nf6 8. c4 O-O 9. cxd5 Nxd5 10. Nxe4 Re8 11. Nxd6 Qxd6 12. Be2 Qg6 13. Bf3 Be6 14. O-O Nf6 15. Nc3 Rad8 16. Kh1 Ne5 17. Bxb7 Bc4 18. Ne2 Nd3 19. Qd2 Ng4 20. Nf4 Qh6 21. h3 Nxf4 22. exf4 Bxf1 23. Rxf1 Nf6 24. Bxa6 Ne4 25. Qd3 Qxf4 26. Kg1 Re6 27. Bc1 Qf6 28. Bb7 Rxd4 29. Bxe4 Rxd3 30. Bxd3 Qc3 31. Bf5 Re1 32. Be3 Rxf1+ 33. Kxf1 Qxa3 34. Bc5 g6 35. Bg4 h5 36. Bf3 Qd3+ 37. Kg1 h4 38. Bc6 Kg7 39. b5 Qb1+ 40. Kh2 Qc2 41. Bd4+ f6 42. Be3 g5 43. g4 hxg3+ 44. Kxg3 Kg6 45. Kf3 f5 46. Kg2 f4 47. Ba7 Qe2 48. Kg1 f3 49. Kh2 Qe5+ 50. Kg1 Qf5 51. Kh2 Qf4+ 52. Kg1 g4 53. hxg4 Qxg4+ 54. Kf1 Qc4+ 55. Kg1 Qe2 56. Be3 Kf5 57. Kh2 Qd1 58. Kg3 Qg1+ 59. Kxf3 Qg4# 0-1


[Site "https://www.chess.com"]

[Event "Titled Tuesday Blitz November 29 Late 2022"]
[White "Bok, Benjamin"]
[Black "Mahdavi, Reza"]
[WhiteFideId "1017063"]
[BlackFideId "12595926"]
[WhiteElo "2658"]
[BlackElo "2240"]
[Result "0-1"]
[Round "05"]
[TimeControl "180+1"]
[Date "2022.11.30"]
[WhiteClock "0:00:01"]
[BlackClock "0:00:21"]

1. d4 Nf6 2. c4 g6 3. g3 Bg7 4. Bg2 O-O 5. Nc3 d6 6. Nf3 c5 7. O-O Nc6 8. dxc5 dxc5 9. Bf4 Be6 10. Ne5 Na5 11. Nd3 Qc8 12. b3 Rd8 13. Qc1 Bh3 14. Rd1 Bxg2 15. Kxg2 b6 16. f3 Nc6 17. Bh6 Qe6 18. Bxg7 Kxg7 19. Nf4 Qe5 20. Nd3 Qe6 21. e4 Nd4 22. Qb2 h5 23. Nd5 h4 24. gxh4 Nxd5 25. cxd5 Qf6 26. Qf2 Rh8 27. b4 Rxh4 28. bxc5 Rah8 29. Rh1 Nxf3 30. h3 Qg5+ 31. Qg3 Qd2+ 32. Nf2 Ng5 33. Rad1 Qf4 34. Qxf4 Rxf4 35. cxb6 axb6 36. Rd4 Nf3 37. Rb4 Nh4+ 38. Kf1 Ra8 39. Rb2 Ra4 40. Ke2 Ra3 41. Rhb1 Nf3 42. Rxb6 Nd4+ 43. Ke1 Re3+ 44. Kf1 Re2 45. Kg2 Rfxf2+ 46. Kg3 Rf3+ 47. Kh4 Rxe4+ 48. Kg5 Rf5# 0-1


[Site "https://www.chess.com"]

[Event "Titled Tuesday Blitz November 29 Late 2022"]
[White "Boruchovsky, Avital"]
[Black "Annaberdiyev, Babageldi"]
[WhiteFideId "2800055"]
[BlackFideId "14000385"]
[WhiteElo "2458"]
[BlackElo "2332"]
[Result "0-1"]
[Round "05"]
[TimeControl "180+1"]
[Date "2022.11.30"]
[WhiteClock "0:00:03"]
[BlackClock "0:00:38"]

1. g3 e6 2. Bg2 d5 3. Nf3 Nf6 4. O-O Be7 5. d3 O-O 6. Nbd2 c5 7. e4 Nc6 8. h3 b5 9. Re1 Bb7 10. e5 Nd7 11. Nf1 Qc7 12. Bf4 a5 13. g4 a4 14. Qd2 a3 15. b3 d4 16. Ng3 Nb4 17. Nh5 Rac8 18. Bh6 g6 19. Bxf8 Rxf8 20. Ng3 Bxf3 21. Bxf3 Nxe5 22. Bg2 Nd7 23. Re2 Bd6 24. Qh6 Bf4 25. g5 Bxg3 26. fxg3 Qxg3 27. Re4 Rd8 28. Rf1 Nf8 29. Ref4 Rd7 30. R4f3 Qe5 31. h4 Qg7 32. Qxg7+ Kxg7 33. R3f2 Rc7 34. Rc1 Nd7 35. Bf1 Ne5 36. Kg2 Ng4 37. Rd2 Ne3+ 38. Kf2 e5 39. Bg2 Nxa2 40. Ra1 Nb4 41. Rxa3 Nexc2 42. Ra8 Ne3 43. Be4 f5 44. gxf6+ Kxf6 45. Kg3 Nf5+ 46. Bxf5 gxf5 47. h5 e4 48. dxe4 fxe4 49. Rf2+ Ke6 50. Re8+ Re7 51. Rxe7+ Kxe7 52. Rf5 Nd3 53. h6 Ke6 54. Rg5 e3 55. Kf3 Ne5+ 56. Ke2 c4 57. bxc4 bxc4 58. Rg7 c3 59. Rxh7 c2 60. Rc7 Kd6 61. Rc3 dxc3 62. h7 c1=Q 63. h8=Q Qd2+ 0-1


[Site "https://www.chess.com"]

[Event "Titled Tuesday Blitz November 29 Late 2022"]
[White "Burke, Paul"]
[Black "Leebit02"]
[WhiteFideId "2605767"]
[WhiteElo "1922"]
[BlackElo "2301"]
[Result "0-1"]
[Round "05"]
[TimeControl "180+1"]
[Date "2022.11.30"]
[WhiteClock "0:00:01"]
[BlackClock "0:00:09"]

1. e4 c5 2. Nf3 Nc6 3. d4 cxd4 4. c3 Nf6 5. e5 Nd5 6. cxd4 d6 7. Be2 e6 8. O-O Be7 9. a3 O-O 10. Bd3 f6 11. exd6 Bxd6 12. Nc3 Nf4 13. Bc2 a6 14. Bxf4 Bxf4 15. d5 exd5 16. Qxd5+ Qxd5 17. Nxd5 Bd6 18. Nb6 Rb8 19. Bb3+ Kh8 20. Nxc8 Rbxc8 21. Rad1 Rfd8 22. Be6 Rb8 23. g3 g6 24. Bd5 Ne7 25. Ba2 Kg7 26. Rfe1 Kf8 27. Nd4 Rd7 28. Ne6+ Ke8 29. Nd4 Be5 30. Nf3 Rxd1 31. Rxd1 Nc6 32. Re1 Kd7 33. Bd5 Kd6 34. Bxc6 bxc6 35. Nd2 Kd5 36. b4 Bc3 37. Rd1 Bxd2 38. Rxd2+ Kc4 39. Rd7 Kb3 40. Rxh7 Kxa3 41. Rg7 Kxb4 42. Rxg6 a5 43. Rxf6 c5 44. Re6 a4 45. h4 a3 46. h5 a2 47. Re1 Ka3 0-1


[Site "https://www.chess.com"]

[Event "Titled Tuesday Blitz November 29 Late 2022"]
[White "Caruana, Fabiano"]
[Black "Cardoso Cardoso, Jose Gabriel"]
[WhiteFideId "2020009"]
[BlackFideId "4430492"]
[WhiteElo "2847"]
[BlackElo "2484"]
[Result "1-0"]
[Round "05"]
[TimeControl "180+1"]
[Date "2022.11.30"]
[WhiteClock "0:00:48"]
[BlackClock "0:00:02"]

1. d4 Nf6 2. c4 e6 3. Nc3 Bb4 4. e3 O-O 5. a3 Bxc3+ 6. bxc3 c5 7. Bd3 Nc6 8. Nf3 d5 9. cxd5 exd5 10. O-O Re8 11. h3 c4 12. Bc2 Ne4 13. Bb2 Bf5 14. Nd2 Bg6 15. a4 a6 16. Re1 Na5 17. Nxe4 Bxe4 18. f3 Bxc2 19. Qxc2 Nb3 20. Ra2 Qg5 21. Qf2 f5 22. Ba3 Re6 23. h4 Qg6 24. Rae2 Rae8 25. Kh2 Qh6 26. Kg1 Qg6 27. Kh1 h6 28. Kh2 Kh7 29. Qg3 Qh5 30. Bd6 Rg6 31. Qf4 Rf6 32. Be5 Rf7 33. Qg3 g5 34. Rh1 Rg8 35. Kg1 g4 36. Kf2 gxf3 37. Qxf3 Rg4 38. Qxd5 f4 39. Qe4+ Kg8 40. exf4 b5 41. axb5 axb5 42. Ra2 Rf8 43. Ra7 Rg6 44. Qd5+ 1-0


[Site "https://www.chess.com"]